 Dungeon Sprint DCSS version 0.21-a0-264-g3e31e41 (webtiles) character file.

134 Kidiri the Thaumaturge (level 4, -11/24 HPs)
             Began as a Deep Elf Fire Elementalist on Sept 9, 2017.
             Was an Initiate of Vehumet.
             Killed from afar by a deep elf mage (25 damage)
             ... with a bolt of cold
             ... in the Dungeon (Sprint III: "The Ten Rune Challenge").
             The game lasted 00:03:47 (445 turns).

Kidiri the Thaumaturge (Deep Elf Fire Elementalist)  Turns: 445, Time: 00:03:48

Health: -11/24     AC:  3    Str:  7    XL:     4   Next: 95%
Magic:  12/17      EV: 13    Int: 21    God:    Vehumet [......]
Gold:   27         SH:  0    Dex: 15    Spells: 9/22 levels left

rFire    . . .     SeeInvis .   k - +0 dagger
rCold    . . .     Gourm    .   (no shield)
rNeg     . . .     Faith    .   a - +0 robe
rPois    +         Spirit   .   (no helmet)
rElec    .         Reflect  .   (no cloak)
rCorr    .         Harm     .   (no gloves)
MR       .....     NoTele   +   (no boots)
Stlth    ++........             (no amulet)
HPRegen  0.48/turn              (no ring)
MPRegen  0.15/turn              (no ring)

@: no status effects
A: rugged brown scales 1, poison resistance, regeneration 1, strong 1
a: Renounce Religion


You were in the Dungeon.
You worshipped Vehumet.
Vehumet was noncommittal.
You were not hungry.

You visited 1 branch You collected 27 gold pieces.

Inventory:

Hand Weapons
 k - a +0 dagger (weapon)
Armour
 a - a +0 robe (worn)
Scrolls
 i - a scroll of blinking
 m - a scroll of holy word
 o - 3 scrolls of remove curse
 r - a scroll of torment
Potions
 d - 2 potions of curing
 e - a potion of heal wounds
 f - 2 potions of haste
 g - 2 potions of magic
 h - a potion of berserk rage
 q - 2 potions of flight
Books
 b - a book of Flames

   Spells                             Type                      Level
   a - Flame Tongue                   Conjuration/Fire             1
   b - Throw Flame                    Conjuration/Fire             2
   c - Conjure Flame                  Conjuration/Fire             3
   d - Inner Flame                    Hexes/Fire                   3
   e - Sticky Flame                   Conjuration/Fire             4
   f - Fireball                       Conjuration/Fire             5
 l - a book of Minor Magic

   Spells                             Type                      Level
   a - Magic Dart                     Conjuration                  1
   b - Blink                          Translocation                2
   c - Call Imp                       Summoning                    2
   d - Slow                           Hexes                        2
   e - Conjure Flame                  Conjuration/Fire             3
   f - Mephitic Cloud                 Conjuration/Poison/Air       3
Comestibles
 c - a bread ration
 j - 4 chunks of flesh
 p - a royal jelly
 s - a fruit


   Skills:
 + Level 0.0 Fighting
 + Level 0.0 Short Blades
 + Level 0.0 Armour
 + Level 2.4 Dodging
 - Level 2.4 Stealth
 * Level 9.6 Spellcasting
 + Level 5.2 Conjurations
 + Level 6.3 Fire Magic


You had 9 spell levels left.
You knew the following spells:

 Your Spells              Type           Power        Failure   Level  Hunger
a - Flame Tongue          Conj/Fire      ####.        1%          1    None
b - Throw Flame           Conj/Fire      ####..       1%          2    None
c - Conjure Flame         Conj/Fire      ####....     1%          3    None
d - Inner Flame           Hex/Fire       ###.....     5%          3    None
e - Sticky Flame          Conj/Fire      ####....     6%          4    ##.....


Dungeon Overview and Level Annotations

Branches:
Dungeon (1/1)

Altars:
Elyvilon
Kikubaaqudgha
Sif Muna
Vehumet
Zin
The Shining One


Innate Abilities, Weirdness & Mutations

You are partially covered in rugged brown scales. (AC +1, +3% HP)
Your system is resistant to poisons. (rPois)
Your natural rate of healing is unusually fast.
Your muscles are strong. (Str +2)


Message History

The sticky flame hits the deep elf mage.
The deep elf mage is moderately wounded.
The deep elf mage is covered in liquid flames!
The deep elf mage burns!
The deep elf mage hits you with a long sword of holy wrath!
Unknown command.
Casting: Sticky Flame
Confirm with . or Enter, or press ? or * to list all spells.
Aiming: Flame Tongue
Press: ? - help, Shift-Dir - straight line, f/p - deep elf mage
Aim: a deep elf mage, wielding a long sword of holy wrath (moderately wounded, covered in liquid flames)
The flame tongue hits the deep elf mage.
The deep elf mage is heavily wounded.
The deep elf mage burns!
The deep elf mage burns!
There is an open door here.
The deep elf mage points at you and mumbles some strange words.
The bolt of cold hits you!
Ouch! That really hurt!
You die...

▓▓▓▓▓▓▓ ▓▓▓ ***** * ..+...♣♣**
♣.#####*******,*,**** ..#....♣,*
♣.#__e#___*__*,*∩,,** ###....♣♣♣
♣♣.#!..#__,*,_*,,,,,,,
..#....≈.♣♣♣..###'#+###+**,,,,,,,
..#...≈≈♣...♣.#.@........*,,,,,,,
..#..≈÷≈≈.....'.⌠........*,***,*,
#'#..≈≈≈≈≈≈...#...######+*,* ****
..#.≈≈≈≈≈≈....#.⌠.#__*,,,*+******
..#.≈≈≈≈≈.....#...#__*,,,*,,,,*,*
..#.≈≈≈.......#+###__*,,,**,*,,*,
###...........#.).#__*,,,+**,*,*,
..............#___#__+,,,*,,,*,,*
▓▓▓▓▓▓▓▓▓▓▓▓▓▓▓▓▓▓▓**************


You could see a deep elf mage (burning).

Vanquished Creatures
  A water elemental (D)
  A wizard (D)
  A human (D)
  A kobold demonologist (D)
  An ooze (D)
  A phantom (D)
  3 rats (D)
9 creatures vanquished.

Vanquished Creatures (others)
  A draconian scorcher (D)
  6 hellions (D)
  2 yaktaurs (D)
9 creatures vanquished.

Grand Total: 18 creatures vanquished

Notes
Turn   | Place    | Note
-------+----------+-------------------------------------------
     0 | D        | Kidiri the Deep Elf Fire Elementalist began the quest for the Orb.
     0 | D        | Reached XP level 1. HP: 10/10 MP: 6/6
     6 | D        | Reached skill level 4 in Spellcasting
   109 | D        | Killed a hellion
   156 | D        | Killed a hellion
   158 | D        | Killed a yaktaur
   176 | D        | Killed a hellion
   186 | D        | Reached skill level 5 in Spellcasting
   186 | D        | Reached XP level 2. HP: 15/15 MP: 3/10
   190 | D        | Learned a level 2 spell: Throw Flame
   192 | D        | Killed a hellion
   192 | D        | Killed a hellion
   206 | D        | Gained mutation: You tend to lose your temper in combat. [potion of mutation]
   206 | D        | Gained mutation: Your spells are a little easier to cast, but a little less powerful. [potion of mutation]
   206 | D        | Gained mutation: Your spells are easier to cast, but less powerful. [potion of mutation]
   206 | D        | Gained mutation: You have large cloven feet. [potion of mutation]
   207 | D        | Lost mutation: You tend to lose your temper in combat. [potion of mutation]
   207 | D        | Lost mutation: Your spells are easier to cast, but less powerful. [potion of mutation]
   207 | D        | Lost mutation: You have large cloven feet. [potion of mutation]
   207 | D        | Gained mutation: You are agile. (Dex +2) [potion of mutation]
   207 | D        | Gained mutation: Your magical capacity is low. (-10% MP) [potion of mutation]
   207 | D        | Gained mutation: Your natural rate of healing is unusually fast. [potion of mutation]
   208 | D        | Lost mutation: Your magical capacity is low. (-10% MP) [potion of mutation]
   208 | D        | Lost mutation: Your spells are a little easier to cast, but a little less powerful. [potion of mutation]
   208 | D        | Lost mutation: You are agile. (Dex +2) [potion of mutation]
   208 | D        | Gained mutation: You are partially covered in icy blue scales. (AC +2) [potion of mutation]
   208 | D        | Gained mutation: You are weak. (Str -2) [potion of mutation]
   208 | D        | Gained mutation: You have a pair of small antennae on your head. [potion of mutation]
   209 | D        | Lost mutation: You have a pair of small antennae on your head. [potion of mutation]
   209 | D        | Lost mutation: You are partially covered in icy blue scales. (AC +2) [potion of mutation]
   209 | D        | Lost mutation: You are weak. (Str -2) [potion of mutation]
   209 | D        | Gained mutation: Your muscles are strong. (Str +2) [potion of mutation]
   209 | D        | Gained mutation: You are partially covered in rugged brown scales. (AC +1, +3% HP) [potion of mutation]
   209 | D        | Gained mutation: Your system is resistant to poisons. (rPois) [potion of mutation]
   209 | D        | Killed a white draconian scorcher
   219 | D        | Killed a yaktaur
   226 | D        | Killed a hellion
   228 | D        | Reached skill level 6 in Spellcasting
   228 | D        | Reached XP level 3. HP: 19/19 MP: 1/12
   248 | D        | Learned a level 3 spell: Conjure Flame
   252 | D        | Learned a level 3 spell: Inner Flame
   305 | D        | Noticed a water elemental
   308 | D        | Killed a water elemental
   308 | D        | Reached skill level 8 in Spellcasting
   308 | D        | Reached skill level 5 in Fire Magic
   308 | D        | Reached XP level 4. HP: 6/24 MP: 7/16
   314 | D        | Learned a level 4 spell: Sticky Flame
   367 | D        | Found a radiant altar of Vehumet.
   368 | D        | Found a deep blue altar of Sif Muna.
   368 | D        | Found an ancient bone altar of Kikubaaqudgha.
   368 | D        | Noticed a wizard
   370 | D        | Killed a wizard
   370 | D        | Reached skill level 9 in Spellcasting
   370 | D        | Reached skill level 5 in Conjurations
   374 | D        | Became a worshipper of Vehumet
   438 | D        | Found a glowing silver altar of Zin.
   439 | D        | Found a glowing golden altar of the Shining One.
   439 | D        | Found a white marble altar of Elyvilon.
   439 | D        | Noticed a deep elf mage
   445 | D        | Killed from afar by a deep elf mage

Vault maps used:
D:        dungeon_sprint_mu

Skill      XL: |  1  2  3  4 |
---------------+-------------+-----
Spellcasting   | 5 6 8 9 |  9.6
Conjurations   | 2 3 4 5 |  5.2
Fire Magic     | 4 5 6 |  6.3
Dodging        | |  2.4
Stealth        | |  2.4

Action                   |  1- 3 |  4- 6 || total
-------------------------+-------+-------++-------
Melee: Dagger            |       |     1 ||     1
 Cast: Flame Tongue      |    16 |     2 ||    18
       Throw Flame       |     2 |       ||     2
       Conjure Flame     |     1 |       ||     1
       Sticky Flame      |       |     3 ||     3
  Use: Scroll            |     5 |       ||     5
       Potion            |     4 |       ||     4
 Stab: Sleeping          |       |     1 ||     1
Armor: Robe              |       |     1 ||     1
Dodge: Dodged            |     3 |     2 ||     5

Table legend:
 A = Spawn XP
 B = Non-spawn XP
 C = Spawn XP percentage of total XP
 D = Spawn monster count
 E = Non-spawn monster count
 F = Spawn count percentage of total count
 G = Total turns spent on level
                    A         B        C        D         E        F      G
               +---------+---------+-------+---------+---------+-------+---------
         Total |       0 |     192 |   0.0 |       0 |       9 |   0.0 |   445
               +---------+---------+-------+---------+---------+-------+---------
             D |       0 |     192 |   0.0 |       0 |       9 |   0.0 |   445
               +---------+---------+-------+---------+---------+-------+---------
